AoeStats
← Sid

Arabia

504429234Analyzed
2v2 RM · 28d ago on Sep 5, 2026· 44m 9s· 4 players
Game mode
Random Map
Map size
Medium (4 player)
Population
200
Speed
Normal
Resources
Standard
Victory
Conquest
Starting age
Dark Age
Ending age
Imperial Age
RankedLock teamsTeams togetherTeam positionsShared explorationLock speedFull tech treeHidden civsTurbo modeCheats
Victory
Defeat
🇮🇳 Ethiopians · India
1224
+20
🇮🇳 Burgundians · India
1218
+20
🇯🇵 Vikings · Japan
1331
-21
🇯🇵 Slavs · Japan
1278
-19
fumin
6:54 Loom
10:39 Feudal Age
10:45 Man-at-Arms
13:11 Double-Bit Axe
17:54 Fletching
18:13 Padded Archer Armor
25:51 Castle Age
24:03 Horse Collar
25:00 Gold Mining
26:16 Crossbowman
26:51 Bodkin Arrow
34:10 Bow Saw
34:01 Heavy Plow
34:38 Gold Shaft Mining
35:42 Town Watch
42:12 Imperial Age
40:55 Leather Archer Armor
41:55 Pikeman
42:36 Scale Mail Armor
42:46 Forging
42:31 Arbalester
43:20 Bracer
43:51 Ring Archer Armor
43:03 Pikeman
Sid
6:12 Loom
9:07 Feudal Age
11:14 Double-Bit Axe
18:16 Scale Barding Armor
18:06 Horse Collar
23:47 Castle Age
22:33 Forging
22:54 Gold Mining
24:00 Bloodlines
23:51 Light Cavalry
29:34 Heavy Plow
32:48 Fletching
33:52 Chain Barding Armor
35:47 Wheelbarrow
36:24 Bodkin Arrow
36:49 Town Watch
39:04 Bow Saw
k10_g15
3:50 Double-Bit Axe
7:25 Loom
9:44 Feudal Age
10:43 Bow Saw
19:12 Horse Collar
21:48 Castle Age
20:18 Forging
22:09 Scale Barding Armor
21:49 Light Cavalry
23:05 Husbandry
30:08 Gold Mining
31:20 Heavy Plow
34:08 Wheelbarrow
40:05 Imperial Age
38:39 Chain Barding Armor
38:54 Burgundian Vineyards
40:32 Iron Casting
41:43 Plate Barding Armor
41:38 Conscription
43:14 Blast Furnace
42:28 Town Watch
42:45 Fletching
abhishekchopra.ubs
5:45 Loom
9:07 Feudal Age
10:44 Double-Bit Axe
21:41 Fletching
27:40 Castle Age
25:40 Horse Collar
27:17 Padded Archer Armor
27:13 Stone Mining
27:13 Gold Mining
27:46 Crossbowman
28:22 Bodkin Arrow
30:16 Leather Archer Armor
33:31 Scale Mail Armor
Connection lost

Rejoining the realm…

Still unreachable

The connection could not be restored.

Session expired

The server has moved on; the page needs a fresh start.